Map: [ESL] Tropical Sacrifice

Players

Cham

  • Race: Zerg Zerg
  • Spawn Location: 7:00

Creator - Winner!

  • Race: Protoss Protoss
  • Spawn Location: 1:00

Event: DreamHack SC2 Masters 2022 Atlanta (Offline)

VOD

Have the link to the VOD?

Description

Time

  • Played on: Nov. 18, 2022, 6:54 p.m.
  • Length: 6:32

All games in this series

Show
View Real Time Build Order
Export as new Build Order

Cham Zerg 

Build Orders: Hatch First 

Get SALT Encoding   

  12  0:00  Drone  
  13  0:12  Overlord  
  13  0:17  Drone  
  14  0:31  Drone x2  
  16  0:46  Drone  
  17  0:55  Hatchery  
  16  0:57  Drone  
  16  0:59  Drone  
  18  1:13  Spawning Pool  
  18  1:15  Extractor  
  16  1:20  Drone  
  16  1:22  Drone  
  18  1:28  Drone  
  19  1:43  Drone  
  20  1:52  Drone  
  21  2:03  Overlord  
  21  2:06  Queen x2  
  21  2:07  Zergling x2  
  26  2:11  Zergling x2  
  27  2:16  Metabolic Boost  
  27  2:19  Drone  
  27  2:22  Drone  
  29  2:32  Drone x2  
  31  2:43  Queen  
  33  2:46  Queen  
  33  2:47  Overlord  
  35  2:53  Drone  
  35  3:04  Hatchery  
  34  3:07  Drone x2  
  34  3:12  Drone  
  37  3:14  Drone x2  
  37  3:16  Drone  
  40  3:20  Overlord  
  40  3:30  Queen  
  40  3:31  Drone  
  40  3:32  Overlord  
  43  3:40  Drone  
  44  3:42  Drone x3  
  47  3:50  Zergling x4  
  47  3:52  Drone  
  47  3:53  Spore Crawler, Drone x2  
  47  3:54  Drone  
  52  3:57  Drone  
  52  4:01  Spore Crawler  
  52  4:04  Overlord  
  52  4:08  Overlord  
  52  4:13  Overlord  
  52  4:16  Zergling x4  
  54  4:18  Zergling x2  
  54  4:19  Zergling x2  
  54  4:20  Zergling x6  
  59  4:24  Zergling x2  
  59  4:25  Zergling x2  
  59  4:27  Zergling x2  
  59  4:30  Overlord  
  62  4:35  Roach Warren  
  61  4:42  Overlord  
  61  4:43  Zergling x4  
  63  4:49  Zergling x12  
  66  4:53  Overlord  
  66  4:58  Overlord  
  66  5:00  Extractor  
  60  5:15  Roach x8  
  68  5:24  Roach x2  
  59  5:38  Zergling x12  
  56  5:43  Zergling x4  
  56  5:46  Zergling x2  
  56  5:47  Zergling x2  
  55  5:51  Zergling x2  
  55  5:52  Zergling x2  
  55  5:53  Zergling x2  
  52  5:58  Zergling x2  
  52  5:59  Zergling x2  
  46  6:04  Zergling x2  
  46  6:09  Zergling x2  
  46  6:10  Zergling x2  
  46  6:11  Zergling x2  
Show
View Real Time Build Order
Export as new Build Order

Creator Protoss - Winner!

Build Orders: 1 Gate Expand, Mass Adepts 

Get SALT Encoding   

  12  0:00  Probe  
  13  0:15  Pylon  
  13  0:18  Probe (Chrono Boost)  
  14  0:27  Probe (Chrono Boost)  
  15  0:32  Probe (Chrono Boost)  
  16  0:39  Gateway  
  16  0:44  Probe  
  16  0:49  Assimilator  
  17  0:56  Probe  
  18  1:08  Probe  
  19  1:20  Probe  
  20  1:29  Nexus  
  20  1:37  Cybernetics Core  
  20  1:41  Probe  
  20  1:46  Assimilator  
  21  1:53  Probe  
  22  1:55  Pylon  
  22  2:05  Probe  
  23  2:11  Adept (Chrono Boost)  
  25  2:17  Probe  
  26  2:22  Warp Gate  
  26  2:29  Probe  
  27  2:33  Stalker  
  29  2:41  Probe x2 (Chrono Boost)  
  29  2:42  Twilight Council  
  33  2:52  Probe x2 (Chrono Boost)  
  33  2:56  Probe (Chrono Boost)  
  33  2:57  Probe (Chrono Boost)  
  34  3:03  Robotics Facility  
  35  3:07  Probe  
  35  3:08  Probe  
  37  3:13  Gateway  
  37  3:16  Adept  
  37  3:18  Resonating Glaives (Chrono Boost)  
  39  3:24  Probe  
  39  3:25  Probe  
  41  3:37  Gateway  
  41  3:38  Gateway, Probe  
  41  3:39  Probe  
  43  3:45  Pylon  
  43  3:49  Warp Prism (Chrono Boost)  
  43  3:54  Probe  
  46  3:58  Assimilator  
  46  4:03  Probe  
  46  4:05  Pylon  
  46  4:08  Probe  
  48  4:11  Adept x2  
  48  4:14  Pylon  
  52  4:18  Observer, Probe  
  52  4:23  Probe  
  55  4:31  Pylon  
  55  4:35  Adept x4  
  55  4:38  Probe, Pylon  
  64  4:57  Adept x4  
  72  5:13  Nexus  
  72  5:19  Adept x4  
  78  5:25  Immortal  
  80  5:42  Adept x4  
  86  5:45  Probe x2  
  86  5:49  Pylon  
  68  6:19  Gateway  
  68  6:20  Adept x4  
  68  6:21  Gateway  
Tags
 
Add a new tag
Caveats
  • Supply blocks, unpowered buildings, or Contaminate may cause inaccurate times.
  • Supply counts are checked every 10 seconds.